 Dungeon Crawl Stone Soup version 0.29-a0-553-g81b289dbe5 (webtiles) character file.

Game seed: 13465956101722529423

78295 Atelerd the Fighter (level 16, -10/134 HPs)
             Began as a Human Chaos Knight on June 7, 2022.
             Was a Plaything of Xom.
             Mangled by a black mamba (20 damage)
             ... on level 6 of the Lair of Beasts.
             The game lasted 01:19:13 (28685 turns).

Atelerd the Fighter (Human Chaos Knight)           Turns: 28685, Time: 01:19:17

Health: -10/134    AC: 23    Str: 25 (28) XL:     16   Next: 7%
Magic:  22/22      EV:  8    Int:  5 (10) God:    Xom [*.....]
Gold:   1354       SH:  9    Dex: 15 (16) Spells: 23/23 levels left

rFire   + + +      SeeInvis +   R - +12 hand axe "Erinudis" {vorpal, rF+ rC+ Will++ SInv}
rCold   + . .      Faith    .   N - +0 kite shield
rNeg    . . .      Spirit   .   z - +3 crystal plate armour
rPois   .          Reflect  .   H - +0 helmet
rElec   .          Harm     .   (no cloak)
rCorr   .          Rampage  .   w - +0 pair of gloves
Will    +++..      Clarity  +   (no boots)
Stlth   ..........              Y - amulet of regeneration
HPRegen 1.12/turn               I - +6 ring of strength
MPRegen 0.18/turn               a - +6 ring of strength

@: invisible, unable to read
A: iridescent scales 1, agile 1, clarity, deformed body, deterioration 1, dopey
2, fire resistance 2, sense surroundings 1, weak 1, wild magic 1, inability to
read while threatened
a: Renounce Religion


You were on level 6 of the Lair of Beasts.
You worshipped Xom.
You were a special plaything of Xom.
You visited 2 branches of the dungeon, and saw 19 of its levels.
You also visited: Ice Cave.

You collected 1400 gold pieces.
You spent 46 gold pieces at shops.

Inventory:

Hand Weapons
 k - a +2 vorpal spear
 R - the +12 hand axe "Erinudis" (weapon) {vorpal, rF+ rC+ Will++ SInv}
   (You found it on level 12 of the Dungeon)

   It inflicts extra damage upon your enemies.
   rF:        It protects you from fire.
   rC:        It protects you from cold.
   SInv:      It lets you see invisible.
   Will:      It greatly increases your willpower.
Missiles
 b - 27 poisoned darts (quivered)
 B - 3 curare-tipped darts
 V - 7 javelins
Armour
 v - an orb of wrath
 w - a +0 pair of gloves (worn)
 z - a +3 crystal plate armour (worn)
 H - a +0 helmet (worn)
 N - a +0 kite shield (worn)
Jewellery
 a - a +6 ring of strength (right hand)
 s - a ring of protection from fire
 F - the amulet of Wowasmeq {Acrobat rF++ Dex+5}
   (Xom gifted it to you on level 6 of the Dungeon)

   [amulet of the acrobat]

   It increases your evasion while moving and waiting.
   Dex:       It affects your dexterity (+5).
   rF:        It greatly protects you from fire.
 I - a +6 ring of strength (left hand)
 S - a ring of magical power
 Y - an amulet of regeneration (around neck)
Wands
 l - a wand of flame (17)
 p - a wand of polymorph (19)
 D - a wand of iceblast (6)
 K - a wand of digging (3)
 M - a wand of mindburst (3)
 U - a wand of paralysis (5)
 W - a wand of acid (6)
 Z - a wand of charming (7)
Scrolls
 e - 3 scrolls of poison
 i - 10 scrolls of teleportation
 j - 3 scrolls of blinking
 o - 3 scrolls of magic mapping
 q - a scroll of torment
 t - 6 scrolls of immolation
 u - 3 scrolls of fog
 x - 4 scrolls of vulnerability
 y - 4 scrolls of brand weapon
 A - 6 scrolls of amnesia
 L - a scroll of summoning
 P - 3 scrolls of enchant weapon
 Q - a scroll of identify
Potions
 d - 3 potions of attraction
 f - 2 potions of cancellation
 g - a potion of haste
 h - 2 potions of lignification
 m - 7 potions of flight
 n - 7 potions of curing
 r - 7 potions of brilliance
 C - a potion of magic
 G - a potion of might
 O - 2 potions of invisibility
 T - 3 potions of ambrosia
 X - a potion of degeneration
Miscellaneous
 c - a piece from Xom's chessboard (15/15)
 E - a tin of tremorstones (2/2)


   Skills:
 + Level 14.4 Fighting
 + Level 8.9(9.1) Axes
 - Level 3.0(6.3) Polearms
 - Level 6.0 Throwing
 + Level 12.7 Armour
 - Level 13.2 Dodging
 - Level 5.6 Stealth
 - Level 5.0 Shields
 + Level 4.4 Spellcasting
 + Level 6.8 Evocations


You had 23 spell levels left.
You didn't know any spells.
Your spell library contained the following spells:

 Spells                   Type           Power      Damage    Failure   Level
 Magic Dart               Conj           4%         1d3       100%        1
 Slow                     Hex            4%         N/A       100%        1
 Blink                    Tloc           2%         N/A       100%        2
 Call Imp                 Summ           1%         N/A       100%        2
 Ensorcelled Hibernation  Hex/Ice        2%         N/A       100%        2
 Scorch                   Fire           2%         2d5       100%        2
 Confusing Touch          Hex            1%         N/A       100%        3
 Mephitic Cloud           Conj/Pois/Air  1%         N/A       100%        3
 Ozocubu's Armour         Ice            1%         N/A       100%        3
 Portal Projectile        Hex/Tloc       2%         N/A       100%        3
 Spider Form              Tmut/Pois      1%         N/A       100%        3
 Summon Guardian Golem    Hex/Summ       1%         N/A       100%        3
 Tukima's Dance           Hex            1%         N/A       100%        3
 Vampiric Draining        Necr           1%         2d6       100%        3
 Anguish                  Hex/Necr       0%         N/A       100%        4
 Animate Armour           Summ/Erth      2%         N/A       100%        4
 Flame Wave               Conj/Fire      1%         2d4       100%        4
 Hailstorm                Conj/Ice       1%         3d3       100%        4
 Ice Form                 Ice/Tmut       1%         N/A       100%        4
 Passage of Golubria      Tloc           1%         N/A       100%        4
 Alistair's Intoxication  Tmut/Pois      0%         N/A       100%        5
 Blade Hands              Tmut           0%         N/A       100%        5
 Borgnjor's Vile Clutch   Necr/Erth      0%         N/A       100%        5
 Freezing Cloud           Conj/Ice/Air   0%         6-21      100%        5
 Manifold Assault         Tloc           1%         N/A       100%        5
 Silence                  Hex/Air        0%         N/A       100%        5
 Eringya's Noxious Bog    Tmut/Pois      0%         N/A       100%        6
 Iron Shot                Conj/Erth      0%         9d1       100%        6
 Simulacrum               Ice/Necr       0%         N/A       100%        6
 Summon Cactus Giant      Summ           0%         N/A       100%        6
 Orb of Destruction       Conj           0%         9d5       100%        7
 Ozocubu's Refrigeration  Ice            0%         4d5       100%        7
 Spellforged Servitor     Conj/Summ      0%         N/A       100%        7
 Storm Form               Tmut/Air       0%         N/A       100%        7
 Lehudib's Crystal Spear  Conj/Erth      0%         10d2      100%        8
 Polar Vortex             Ice            0%         N/A       100%        9


Dungeon Overview and Level Annotations

Branches:
Dungeon (13/15)            Temple (0/1) D:7            Lair (6/6) D:10
 Shoals (0/4) Lair:4       Spider (0/4) Lair:2        Slime (0/5) Lair:5
    Orc (0/2) D:11         Vaults (0/5) D:13          IceCv (visited)

Altars:
Vehumet
Xom

Shops:
D:5 *

Annotations:
D:10 3 runed translucent doors, Iidacon's ghost, novice DgFi
D:12 exclusion: downstairs
D:13 1 exclusion
Lair:6 1 transporter, astraldaughter's ghost, journeyman GnWz


Innate Abilities, Weirdness & Mutations

You are partially covered in iridescent scales. (AC +2)
You are agile. (Dex +2)
You possess an exceptional clarity of mind.
Armour fits poorly on your strangely shaped body.
Your body sometimes deteriorates upon taking damage.
You are very dopey. (Int -4)
Your flesh is very heat resistant. (rF++)
You passively map a small area around you.
You are weak. (Str -2)
Your spells are a little harder to cast, but a little more powerful.
You sometimes lose the ability to read scrolls when taking damage.


Message History

You feel better.
The black mamba bites you but does no damage.
You block the black mamba's attack. The yak barely misses you.
The water moccasin rages.
The black mamba barely misses you. The moth of wrath closely misses you.
The black mamba bites you!
* * * LOW HITPOINT WARNING * * *
Astraldaughter's ghost hits you but does no damage.
The yak barely misses you. The black mamba closely misses you.
Unknown command.
You slice the moth of wrath!!
You kill the moth of wrath!
You slash the yak!
You catch the helpless black mamba completely off-guard!
You slash the black mamba!
You hit astraldaughter's ghost but do no damage.
You catch the helpless black mamba completely off-guard!
You slash the black mamba! The black mamba bites you.
* * * LOW HITPOINT WARNING * * *
You are poisoned.
The black mamba poisons you! The black mamba closely misses you.
The yak gores you!
* * * LOW HITPOINT WARNING * * *
The black mamba closely misses you.
Astraldaughter's ghost casts a spell at you.
The zap hits you!
* * * LOW HITPOINT WARNING * * *
Your body deteriorates!
You feel dopey.
You emit a cloud of colourful smoke!
You block the black mamba's attack.
Training target 6.0 for Throwing reached!
Your Throwing skill increases to level 6!
Unknown command.
You feel better.
The black mamba bites you but does no damage. x2
The yak gores you!
* * * LOW HITPOINT WARNING * * *
You block the black mamba's attack. The black mamba bites you!!
You die...
Xom chortles!

...##### ##......................
..#..#.# #...............#.......
.......# ##.......###....##......
.......# #...#####.##...##......
......P# #..##......#...##......
......## ##.##....#..##...#......
....P.# #..#©..# ..# #..#.......
...P..# ##.##.S##.#.,#..#.......
...#..## #..©#.#@§.#$##..##......
##.....###..##SWSY.#=#..###......
#.....##...#..D#F.[=#©..........
###.........#.#...#.[#...........
#...........##.#.....##....#.....
#.........[..#...#.#..#...#####..
.............#...#.#..#....###.#.
P#...........#.......##......###.
##........(..###...###.......####


You could see a seven-headed hydra (can't see you), 2 black mambas, a yak
(berserk, can't see you), a blink frog (can't see you), a water moccasin
(berserk, can't see you) and astraldaughter's ghost.

Vanquished Creatures
  A titan (Lair:2)
  A reaper (IceCv)
  2 dire elephants (Lair:6)
  2 boulder beetles (D:13)
  5 vault guards (D:13)
  2 hydras
  An ogre mage (D:13)
  Harold (Lair:1)
  7 two-headed ogres
  2 catoblepae
  A centaur warrior (D:12)
  2 death yaks
  4 alligators
  A fire crab (Lair:4)
  Amaemon (Lair:1)
  A spectral death yak (Lair:6)
  A fire crab (shapeshifter) (Lair:1)
  4 skeletal warriors (D:13)
  A spectral anaconda (Lair:6)
  2 deep elf archers (D:13)
  An obsidian statue (Lair:6)
  3 necromancers (Lair:6)
  2 manticores
  A cyclops (D:11)
  An orc sorcerer (D:13)
  An ugly thing (D:12)
  16 elephants
  5 black mambas
  A moth of wrath (Lair:6)
  2 ice statues (IceCv)
  A merfolk siren (Lair:4)
  15 cane toads
  2 gargoyles
  3 kobold demonologists (D:12)
  4 anaconda simulacra (IceCv)
  3 dire elephant skeletons (Lair:6)
  2 unseen horrors
  4 ice devils (IceCv)
  An orange demon (Lair:1)
  A freezing wraith (IceCv)
  A tengu conjurer (D:13)
  7 rime drakes
  An entropy weaver simulacrum (IceCv)
  13 komodo dragons
  A merfolk (Lair:4)
  A polar bear (Lair:4)
  A troll (D:10)
  A hornet (Lair:3)
  9 slime creatures (D:13)
  5 blink frogs
  8 dream sheep
  2 shadows
  A culicivora (shapeshifter) (D:13)
  2 wyverns
  45 yaks
  4 wraiths
  2 dire elephant simulacra (IceCv)
  3 basilisks
  3 steam dragons
  A spectral cane toad (Lair:6)
  10 vampire mosquitoes
  3 harpy simulacra (IceCv)
  16 water moccasins
  2 acid dragons
  3 ice beasts
  A sky beast (D:6)
  A black bear (Lair:1)
  2 swamp drakes (Lair:1)
  An elephant zombie (Lair:6)
  4 orc warriors
  16 wolves
  3 ogres
  A phantom (D:4)
  3 kobold brigands
  14 bullfrogs
  3 cane toad simulacra
  4 scorpions
  3 wights (D:10)
  An elephant simulacrum (Lair:6)
  6 killer bees (D:9)
  2 electric eels (Lair:3)
  A vampire bat (Lair:2)
  2 jellies
  2 orc priests
  2 hounds
  3 gnoll shamans
  Jessica (D:2)
  2 iguanas
  5 orc wizards
  2 polar bear simulacra (IceCv)
  15 gnolls
  5 adders
  2 naga simulacra (IceCv)
  A shadow imp (D:8)
  12 white imps (Lair:1)
  2 ufetubi
  5 worms
  7 dart slugs
  30 orcs
  6 ball pythons
  5 endoplasms
  A giant cockroach (D:1)
  8 goblins
  8 hobgoblins
  2 jackals (D:4)
  4 quokkas
  8 bats
  2 frilled lizards
  14 kobolds
  8 rats
  A butterfly (D:13)
487 creatures vanquished.

Vanquished Creatures (collateral kills)
  A skeletal warrior (D:13)
  A deep elf pyromancer (D:13)
  A cyclops (D:12)
  An elephant (Lair:6)
  2 slime creatures (D:13)
  4 yaks (D:11)
  A golden eye (D:11)
  A kobold (D:8)
  2 butterflies (D:13)
14 creatures vanquished.

Vanquished Creatures (others)
  A catoblepas (Lair:4)
  A two-headed ogre (D:13)
  A dancing weapon (D:13)
  A yak (Lair:3)
  19 fungi
  27 plants
  28 withered plants (Lair:6)
78 creatures vanquished.

Grand Total: 579 creatures vanquished

Notes
Turn   | Place    | Note
-------+----------+-------------------------------------------
     0 | D:1      | Atelerd the Human Chaos Knight began the quest for the Orb.
     0 | D:1      | Reached XP level 1. HP: 18/18 MP: 1/1
    90 | D:1      | XOM: silly message
   319 | D:1      | Reached XP level 2. HP: 24/24 MP: 2/2
   491 | D:1      | XOM: scenery: summon butterflies
   500 | D:1      | XOM: give mutations
   500 | D:1      | Gained mutation: You have hidden genetic potential. [Xom's
                  | grace]
   500 | D:1      | Gained mutation: You expend magic power (3 MP) to
                  | strengthen your wands. [Xom's grace]
   500 | D:1      | Gained mutation: You are partially covered in iridescent
                  | scales. (AC +2) [Xom's grace]
   950 | D:2      | Reached XP level 3. HP: 28/30 MP: 3/3
   967 | D:2      | Gained mutation: You are mostly covered in iridescent
                  | scales. (AC +4) [hidden potential]
  1015 | D:2      | XOM: cloud trail
  1050 | D:2      | XOM: butterfly on damage
  1063 | D:2      | Reached skill level 4 in Fighting
  1262 | D:2      | Reached XP level 4. HP: 37/37 MP: 4/4
  1318 | D:2      | Reached skill level 1 in Stealth
  1333 | D:2      | Noticed Jessica
  1339 | D:2      | Killed Jessica
  1356 | D:2      | Gained mutation: You are partially covered in large bone
                  | plates. (SH +4) [hidden potential]
  1356 | D:2      | Lost mutation: You have hidden genetic potential. [hidden
                  | potential expressed]
  1406 | D:2      | Found a faded altar of an unknown god.
  1708 | D:2      | Reached XP level 5. HP: 43/43 MP: 5/5
  1758 | D:2      | XOM: scenery: summon butterflies
  1803 | D:2      | XOM: god gift: wand of acid (3)
  2091 | D:3      | Found a radiant altar of Vehumet.
  2559 | D:3      | Reached XP level 6. HP: 49/49 MP: 6/6
  2737 | D:3      | XOM: give mutation
  2737 | D:3      | Gained mutation: You have large cloven feet. [Xom's grace]
  2839 | D:4      | XOM: noise
  3068 | D:4      | Reached skill level 1 in Shields
  3082 | D:4      | XOM: polymorph gnoll -> goblin
  3354 | D:4      | Reached skill level 5 in Fighting
  3354 | D:4      | Reached skill level 1 in Evocations
  3354 | D:4      | Reached XP level 7. HP: 56/56 MP: 7/7
  3836 | D:5      | Entered Level 5 of the Dungeon
  4139 | D:5      | XOM: summons friendly shadow imp
  4310 | D:5      | Reached XP level 8. HP: 62/62 MP: 8/8
  4432 | D:5      | Found Xuatif's Serpentskin Sales.
  4453 | D:5      | Bought 3 curare-tipped darts for 23 gold pieces
  4453 | D:5      | Bought 3 curare-tipped darts for 23 gold pieces
  4720 | D:5      | XOM: god gift: potion of curing
  4944 | D:5      | XOM: divination: detect items
  5136 | D:6      | XOM: silly message
  5207 | D:6      | XOM: silly message
  5401 | D:6      | XOM: god gift: 2 datura-tipped darts
  5463 | D:6      | Identified the amulet of Wowasmeq {Acrobat rF++ Dex+5} (Xom
                  | gifted it to you on level 6 of the Dungeon)
  5463 | D:6      | XOM: god gift: amulet of Wowasmeq {Acrobat rF++ Dex+5}
  5626 | D:6      | XOM: scenery: summon butterflies
  5631 | D:6      | XOM: cast spell 'Disjunction'
  5860 | D:6      | XOM: silly message
  5960 | D:7      | You fall into a shaft and drop 3 floors!
  5960 | D:10     | Entered Level 10 of the Dungeon
  5979 | D:10     | Noticed a wraith
  5997 | D:10     | Noticed a troll
  6001 | D:10     | XOM: cleaving
  6012 | D:10     | Killed a troll
  6029 | D:10     | XOM: 1-stop teleportation journey
  6068 | D:8      | XOM: confuse monster(s)
  6071 | D:8      | Reached skill level 5 in Stealth
  6143 | D:8      | Reached skill level 6 in Fighting
  6143 | D:8      | Reached XP level 9. HP: 69/69 MP: 9/9
  6321 | D:8      | XOM: summons 4 friendly demons
  6623 | D:7      | Reached skill level 1 in Throwing
  6737 | D:7      | XOM: noise
  6826 | D:7      | Reached skill level 5 in Armour
  6879 | D:7      | XOM: silly message
  6881 | D:7      | Reached skill level 5 in Dodging
  6882 | D:7      | XOM: divination: detect creatures
  6957 | D:7      | Found a staircase to the Ecumenical Temple.
  7213 | D:8      | Noticed a gargoyle
  7214 | D:8      | XOM: 2-stop teleportation journey
  7253 | D:8      | XOM: chaos cloud
  7253 | D:8      | XOM: smoke on damage
  7471 | D:8      | XOM: 1-stop teleportation journey
  7536 | D:8      | XOM: give mutations
  7536 | D:8      | Gained mutation: You are agile. (Dex +2) [Xom's grace]
  7536 | D:8      | Gained mutation: Your muscles are strong. (Str +2) [Xom's
                  | grace]
  7536 | D:8      | Gained mutation: You are completely covered in iridescent
                  | scales. (AC +6) [Xom's grace]
  7536 | D:8      | Gained mutation: You possess an exceptional clarity of
                  | mind. [Xom's grace]
  7695 | D:8      | Killed a gargoyle
  7753 | D:8      | XOM: summons 2 hostile shadow creatures
  8165 | D:9      | Reached skill level 7 in Fighting
  8184 | D:9      | Reached XP level 10. HP: 25/79 MP: 10/10
  8492 | D:9      | XOM: confuse monster(s)
  8516 | D:9      | XOM: confuse monster(s)
  8565 | D:8      | XOM: give mutations
  8565 | D:8      | Lost mutation: You have large cloven feet. [Xom's mischief]
  8565 | D:8      | Gained mutation: You are very agile. (Dex +4) [Xom's
                  | mischief]
  8587 | D:8      | XOM: give mutations
  8587 | D:8      | Lost mutation: You expend magic power (3 MP) to strengthen
                  | your wands. [Xom's mischief]
  8587 | D:8      | Lost mutation: You are partially covered in large bone
                  | plates. (SH +4) [Xom's mischief]
  8682 | D:8      | XOM: give mutations
  8682 | D:8      | Lost mutation: You possess an exceptional clarity of mind.
                  | [Xom's mischief]
  8682 | D:8      | Lost mutation: You are completely covered in iridescent
                  | scales. (AC +6) [Xom's mischief]
  8682 | D:8      | Gained mutation: You have large cloven feet. [Xom's
                  | mischief]
  8693 | D:8      | XOM: summons 3 hostile demons
  8774 | D:9      | XOM: blink monster(s)
  8787 | D:9      | XOM: smoke on damage
  8790 | D:9      | XOM: god gift: crystal plate armour {god gift}
  8798 | D:9      | XOM: confusion
  9042 | D:9      | Killed an unseen horror
  9043 | D:9      | Reached skill level 8 in Fighting
  9090 | D:9      | Noticed a two-headed ogre
  9099 | D:9      | XOM: scenery: create altars
  9104 | D:9      | XOM: enchant monster (bad)
  9119 | D:9      | Killed a two-headed ogre
  9325 | D:9      | XOM: divination: detect items
  9455 | D:9      | XOM: 3-stop teleportation journey
  9693 | D:9      | XOM: give mutation
  9693 | D:9      | Lost mutation: Your muscles are strong. (Str +2) [Xom's
                  | mischief]
  9697 | D:10     | Found a runed translucent gate.
  9697 | D:10     | Found a runed translucent gate.
  9697 | D:10     | Noticed a two-headed ogre
  9697 | D:10     | XOM: 5-stop teleportation journey
  9713 | D:10     | Killed a two-headed ogre
  9714 | D:10     | Reached XP level 11. HP: 50/87 MP: 11/11
  9742 | D:10     | XOM: 1-stop teleportation journey
  9894 | D:10     | XOM: enchant monster (bad)
 10283 | D:10     | Found a staircase to the Lair.
 10283 | D:10     | XOM: 3-stop teleportation journey
 10293 | D:10     | XOM: swap monsters
 10297 | D:10     | XOM: silly message
 10338 | D:10     | XOM: swap monsters
 10348 | D:10     | Reached skill level 9 in Fighting
 10410 | D:10     | XOM: noise
 10948 | D:10     | Found a runed translucent gate.
 10949 | D:10     | Noticed a 12-headed hydra
 10950 | D:10     | Noticed a 12-headed hydra
 10951 | D:10     | Noticed Iidacon's ghost (novice DgFi)
 10985 | D:10     | XOM: noise
 11111 | D:10     | XOM: confusion (+ monsters)
 11404 | D:11     | Noticed a cyclops
 11412 | D:11     | Noticed a two-headed ogre
 11412 | D:11     | Noticed a seven-headed hydra
 11412 | D:11     | XOM: 1-stop teleportation journey
 11425 | D:11     | Killed a seven-headed hydra
 11430 | D:11     | Killed a two-headed ogre
 11458 | D:11     | Killed a cyclops
 11533 | D:11     | XOM: give mutations
 11533 | D:11     | Lost mutation: You are mostly covered in iridescent scales.
                  | (AC +4) [Xom's mischief]
 11533 | D:11     | Gained mutation: You are dopey. (Int -2) [Xom's mischief]
 11533 | D:11     | Gained mutation: You are mostly covered in iridescent
                  | scales. (AC +4) [Xom's mischief]
 11533 | D:11     | Lost mutation: You have large cloven feet. [Xom's mischief]
 11677 | D:11     | XOM: polymorph troll -> dream sheep
 11681 | D:11     | Reached skill level 10 in Armour
 11704 | D:11     | Found a staircase to the Orcish Mines.
 11740 | D:11     | XOM: noise
 11744 | D:11     | XOM: summons 2 hostile demons
 11849 | D:11     | Noticed a manticore
 11849 | D:11     | XOM: 1-stop teleportation journey
 11863 | D:11     | Killed a manticore
 12125 | D:11     | XOM: polymorph yak -> golden eye
 12142 | D:11     | XOM: scenery: summon butterflies
 12147 | D:11     | XOM: cast spell 'Summon Dragon'
 12218 | D:11     | XOM: polymorph shadow dragon -> acid blob
 12323 | D:11     | Reached skill level 1 in Spellcasting
 12323 | D:11     | Reached XP level 12. HP: 97/97 MP: 13/13
 12390 | D:11     | XOM: divination: detect items
 12628 | D:11     | XOM: cloud trail
 12838 | D:12     | Identified the +12 hand axe "Erinudis" {vorpal, rF+ rC+
                  | Will++ SInv}
 12883 | D:12     | Identified the +2 ring mail of Dogma {Drain rPois rC+
                  | Dex+2}
 12908 | D:12     | XOM: enchant monster (bad)
 12913 | D:12     | Reached skill level 1 in Axes
 13251 | D:12     | Identified the +8 hand axe "Neyvuu" {vorpal, rC+ rN+ Str-4
                  | Dex+2}
 13282 | D:12     | Noticed a centaur warrior
 13292 | D:12     | Killed a centaur warrior
 13309 | D:12     | XOM is BORED!
 13309 | D:12     | XOM: noise
 13696 | D:12     | XOM: give mutations
 13696 | D:12     | Gained mutation: You have large cloven feet. [Xom's grace]
 13696 | D:12     | Gained mutation: Your flesh is heat resistant. (rF+) [Xom's
                  | grace]
 13696 | D:12     | Gained mutation: You passively map a small area around you.
                  | [Xom's grace]
 13715 | D:12     | XOM: cast spell 'Summon Hydra'
 13879 | D:12     | Reached skill level 10 in Fighting
 13983 | D:13     | Noticed a two-headed ogre
 13983 | D:13     | Noticed a two-headed ogre
 13983 | D:13     | Noticed an ogre mage
 13985 | D:13     | Noticed a two-headed ogre
 13987 | D:13     | Noticed a two-headed ogre
 13990 | D:13     | Killed a two-headed ogre
 13991 | D:13     | Noticed a two-headed ogre
 13993 | D:13     | XOM: enchant monster (good)
 14010 | D:13     | XOM: enchant monster (bad)
 14010 | D:13     | XOM: butterfly on damage
 14011 | D:13     | Killed a two-headed ogre
 14017 | D:13     | Killed a two-headed ogre
 14023 | D:13     | Killed a two-headed ogre
 14026 | D:13     | Killed a two-headed ogre
 14030 | D:13     | Killed an ogre mage
 14204 | D:13     | XOM: draining
 14405 | D:10     | XOM is BORED!
 14405 | D:10     | XOM: stat loss: -1 Str (29/30)
 14479 | D:13     | Reached XP level 13. HP: 93/93 MP: 16/16
 14707 | D:13     | XOM: summons 7 hostile demons
 14717 | D:13     | Reached skill level 5 in Axes
 14851 | D:13     | XOM: noise
 14920 | D:13     | Noticed a vault guard
 14937 | D:13     | XOM: noise
 14940 | D:13     | XOM: cleaving
 14952 | D:13     | Reached skill level 5 in Evocations
 14965 | D:13     | Killed a vault guard
 15250 | D:13     | Noticed a vault guard
 15299 | D:13     | XOM: scenery: 1 doors open
 15373 | D:13     | XOM: cloud trail
 15532 | D:13     | Noticed a vault guard
 15558 | D:13     | Killed a vault guard
 15610 | D:13     | Noticed a vault guard
 15628 | D:13     | XOM: enchant monster (good)
 15671 | D:13     | XOM: blink monster(s)
 15740 | D:12     | XOM: noise
 15827 | D:13     | XOM: swap monsters
 15843 | D:13     | Killed a vault guard
 15930 | D:13     | XOM: enchant monster (bad)
 15945 | D:13     | Reached skill level 10 in Dodging
 16081 | D:13     | Noticed a boulder beetle
 16083 | D:13     | XOM: fog
 16093 | D:13     | Killed a boulder beetle
 16138 | D:13     | XOM: give mutation
 16138 | D:13     | Gained mutation: You are completely covered in iridescent
                  | scales. (AC +6) [Xom's grace]
 16184 | D:13     | Noticed a boulder beetle
 16192 | D:13     | Killed a boulder beetle
 16292 | D:13     | XOM: divination: magic mapping
 16305 | D:13     | XOM: chaos cloud
 16307 | D:13     | XOM: summons 13 friendly demons
 16311 | D:13     | XOM: noise
 16369 | D:12     | XOM is BORED!
 16369 | D:12     | XOM: summons 3 hostile shadow creatures
 16370 | D:12     | Noticed a boulder beetle
 16607 | D:12     | XOM: noise
 16686 | D:13     | XOM: summons 2 friendly demons
 16702 | D:13     | Noticed a vault guard
 16703 | D:13     | XOM: divination: detect creatures
 16717 | D:13     | Killed a vault guard
 16718 | D:13     | Reached skill level 11 in Fighting
 16722 | D:13     | Killed a vault guard
 16761 | D:13     | Found a gate to the Vaults.
 16821 | D:13     | XOM: cast spell 'Summon Small Mammal'
 17407 | D:13     | XOM: give mutation
 17407 | D:13     | Lost mutation: You are completely covered in iridescent
                  | scales. (AC +6) [Xom's mischief]
 17504 | Lair:1   | Entered Level 1 of the Lair of Beasts
 17536 | Lair:1   | Noticed Harold
 17547 | Lair:1   | Killed Harold
 17551 | Lair:1   | XOM: polymorph yak -> shapeshifter
 17558 | Lair:1   | XOM: blink monster(s)
 17657 | Lair:1   | Found a frozen archway.
 17692 | IceCv    | Entered an ice cave
 17827 | IceCv    | XOM: 1-stop teleportation journey
 17828 | IceCv    | XOM: blink monster(s)
 17832 | IceCv    | XOM: enchant monster (bad)
 17835 | IceCv    | Reached XP level 14. HP: 114/114 MP: 17/17
 17878 | IceCv    | XOM: 1-stop teleportation journey
 18098 | IceCv    | Reached skill level 12 in Fighting
 18105 | IceCv    | XOM: noise
 18145 | IceCv    | XOM: noise
 18191 | IceCv    | Noticed a reaper
 18207 | IceCv    | Killed a reaper
 18507 | IceCv    | XOM: 6-stop teleportation journey
 18997 | Lair:1   | Noticed Amaemon
 19007 | Lair:1   | Killed Amaemon
 19057 | Lair:1   | XOM: 9-stop teleportation journey
 19740 | Lair:2   | Noticed Gastronok
 19740 | Lair:2   | Noticed Gastronok
 19740 | Lair:2   | Gastronok changed into Gastronok the titan
 19740 | Lair:2   | XOM: polymorph Gastronok -> Gastronok the titan
 19748 | Lair:2   | XOM: confuse monster(s)
 19753 | Lair:2   | Killed Gastronok the titan
 20048 | Lair:2   | XOM: swap monsters
 20052 | Lair:2   | XOM: enchant monster (good)
 20080 | Lair:2   | Reached skill level 13 in Fighting
 20265 | Lair:2   | XOM: divination: magic mapping
 20357 | Lair:2   | Found a hole to the Spider Nest.
 20451 | Lair:2   | XOM: potion effect (brilliance)
 20788 | Lair:2   | XOM: summons 8 hostile demons
 21066 | Lair:2   | XOM: god gift: scroll of amnesia
 21244 | Lair:3   | XOM: give mutations
 21244 | Lair:3   | Lost mutation: You are dopey. (Int -2) [Xom's grace]
 21244 | Lair:3   | Gained mutation: You are robust. (+10% HP) [Xom's grace]
 21418 | Lair:3   | XOM: 3-stop teleportation journey
 21541 | Lair:3   | XOM: god gift: robe {god gift}
 21656 | Lair:3   | XOM: god gift: wand of digging (5)
 21753 | Lair:3   | XOM: 2-stop teleportation journey
 22133 | Lair:3   | XOM: potion effect (brilliance)
 22135 | Lair:3   | XOM: potion effect (brilliance)
 22376 | Lair:3   | XOM: silly message
 22752 | Lair:4   | XOM: 5-stop teleportation journey
 22803 | Lair:4   | XOM: enchant monster (good)
 22816 | Lair:4   | Reached XP level 15. HP: 137/137 MP: 18/18
 22953 | Lair:4   | XOM: 7-stop teleportation journey
 23202 | Lair:4   | XOM: scenery: 1 doors close
 23296 | Lair:4   | XOM: polymorph komodo dragon -> elephant
 23305 | Lair:4   | XOM: enchant monster (good)
 23309 | Lair:4   | XOM: fake destruction
 23321 | Lair:4   | XOM: summons friendly shadow imp
 23325 | Lair:4   | XOM: summons friendly quasit
 23327 | Lair:4   | XOM: cleaving
 23391 | Lair:4   | XOM: summons 6 hostile demons
 23586 | Lair:4   | XOM: 1-stop teleportation journey
 23770 | Lair:4   | XOM: draining
 23868 | Lair:4   | XOM: fog
 23904 | Lair:4   | XOM: god gift: 48 gold pieces
 23938 | Lair:4   | XOM: scenery: 1 doors close
 24137 | Lair:4   | Reached skill level 14 in Fighting
 24291 | Lair:4   | XOM: scenery: summon butterflies
 24296 | Lair:4   | XOM: polymorph butterfly -> orc
 24462 | Lair:4   | Found a staircase to the Shoals.
 24602 | Lair:5   | XOM: confusion
 24779 | Lair:5   | You fall into a shaft and drop 1 floor!
 24779 | Lair:6   | Entered Level 6 of the Lair of Beasts
 24840 | Lair:6   | Reached skill level 5 in Throwing
 24850 | Lair:6   | Found a transporter.
 24860 | Lair:6   | Noticed astraldaughter's ghost (journeyman GnWz)
 25049 | Lair:6   | XOM: give mutation
 25049 | Lair:6   | Lost mutation: You have large cloven feet. [Xom's mischief]
 25121 | Lair:6   | Found a transporter.
 25139 | Lair:6   | XOM: confusion
 25230 | Lair:6   | XOM: 4-stop teleportation journey
 25378 | Lair:6   | XOM: give mutations
 25378 | Lair:6   | Gained mutation: You sometimes lose the ability to read
                  | scrolls when taking damage. [Xom's mischief]
 25378 | Lair:6   | Gained mutation: You are weak. (Str -2) [Xom's mischief]
 25378 | Lair:6   | Gained mutation: Your flesh is very heat resistant. (rF++)
                  | [Xom's mischief]
 25378 | Lair:6   | Lost mutation: You are very agile. (Dex +4) [Xom's
                  | mischief]
 25587 | Lair:6   | XOM: god gift: potion of invisibility
 25619 | Lair:6   | XOM: smoke on damage
 25797 | Lair:6   | XOM: silly message
 25947 | Lair:6   | XOM: summons 2 friendly demons
 26035 | Lair:6   | XOM: polymorph elephant -> dream sheep
 26156 | Lair:6   | Reached skill level 5 in Shields
 26185 | Lair:6   | XOM is BORED!
 26185 | Lair:6   | XOM: noise
 26231 | Lair:6   | XOM: give mutations
 26231 | Lair:6   | Gained mutation: You are very weak. (Str -4) [Xom's
                  | mischief]
 26231 | Lair:6   | Lost mutation: You are robust. (+10% HP) [Xom's mischief]
 26231 | Lair:6   | Lost mutation: You are mostly covered in iridescent scales.
                  | (AC +4) [Xom's mischief]
 26231 | Lair:6   | Gained mutation: You are dopey. (Int -2) [Xom's mischief]
 26583 | Lair:6   | XOM: give mutations
 26583 | Lair:6   | Gained mutation: Your spells are a little harder to cast,
                  | but a little more powerful. [Xom's grace]
 26583 | Lair:6   | Gained mutation: You possess an exceptional clarity of
                  | mind. [Xom's grace]
 26594 | Lair:6   | XOM: summons friendly iron imp
 26598 | Lair:6   | XOM: cleaving
 26611 | Lair:6   | XOM: enchant monster (bad)
 26623 | Lair:6   | HP: 5/127 [barbs]
 26870 | Lair:6   | Reached XP level 16. HP: 68/134 MP: 22/22
 26923 | Lair:6   | XOM: torment (65/134 hp)
 26957 | Lair:6   | XOM is BORED!
 26957 | Lair:6   | XOM: give mutation
 26957 | Lair:6   | Gained mutation: Your body sometimes deteriorates upon
                  | taking damage. [Xom's mischief]
 27327 | D:10     | XOM: summons 2 hostile demons
 27613 | Lair:5   | XOM: summons 9 hostile demons
 27648 | Lair:5   | Found a staircase to the Slime Pits.
 27821 | Lair:5   | XOM: give mutations
 27821 | Lair:5   | Gained mutation: Armour fits poorly on your strangely
                  | shaped body. [Xom's mischief]
 27821 | Lair:5   | Lost mutation: You are very weak. (Str -4) [Xom's mischief]
 27821 | Lair:5   | Gained mutation: You are very dopey. (Int -4) [Xom's
                  | mischief]
 28099 | D:10     | XOM: summons 8 hostile demons
 28194 | Lair:1   | XOM: scenery: summon butterflies
 28679 | Lair:6   | XOM: divination: detect creatures
 28684 | Lair:6   | XOM: smoke on damage
 28685 | Lair:6   | Mangled by a black mamba

Illustrated notes

Levels and vault maps discovered:
D:1:      tarquinn_simple_flora_water_a, layout_basic, feat_on_display
D:2:      minmay_alternating_diamond, layout_basic,
          hellmonk_ecumenical_altar_run_dry, minivault_5, uniq_jessica
D:3:      layout_rooms, nicolae_vehumet_altar_sigil, minmay_quadrilaterals
D:4:      layout_basic, chequers_serial_rivers_micro_a
D:5:      layout_basic, minmay_liquid_box, guppyfry_shop_venom
D:6:      layout_cave_pools
D:7:      layout_rooms, minmay_temple_entry_antechambers
D:8:      layout_loops_ring
D:9:      nicolae_cairo_tiling_large_dashed, layout_basic
D:10:     layout_layer_cave, lair_entry_dummy, gammafunk_ghost_hydra_chop,
          minmay_stone_trees_medium
D:11:     layout_long_grid, orc_david_3, kennysheep_nub
D:12:     layout_irregular_city, evilmike_butchery
D:13:     layout_stronghold, grunt_vaults_entry_fortified,
          hangedman_glass_garden
Lair:1:   layout_gridlike, portal_ice_cave_entry_imps,
          dreamdust_mushroom_princess, pond, grunt_megastairs_4, uniq_harold,
          uniq_amaemon
Lair:2:   layout_roguey, spider_nest_entry_web_field, minivault_26,
          roderic_batcave, grunt_megastairs_5, uniq_gastronok
Lair:3:   layout_cave_pods, serial_bayou_pond_e, nicolae_lair_lakeside_cave
Lair:4:   nzn_winding_woodlands_stair_cross
          [nzn_winding_woodlands_5x15_lazy_stream,
          nzn_winding_woodlands_center_lodge, nzn_winding_woodlands_5x15_jagged,
          nzn_winding_woodlands_5x5_checkerboard,
          nzn_winding_woodlands_5x5_closed_star,
          nzn_winding_woodlands_5x15_river_crossing,
          nzn_winding_woodlands_center_pierced_h,
          nzn_winding_woodlands_5x15_zeroes], layout_loops_ring,
          elwin_shoals_entry_rooms
Lair:5:   layout_concentric_octagons, slime_dummy
Lair:6:   due_jungle_book, layout_cave_pods, gammafunk_ghost_berserking_beasts

Skill      XL: |  1  2  3  4  5  6  7  8  9 10 11 12 13 14 15 16 |
---------------+-------------------------------------------------+-----
Fighting       | 4 5 6 7 8 9 10 11 13 14 | 14.4
Stealth        | 1 2 3 4 5 |  5.6
Armour         | 3 4 5 8 10 11 12 | 12.7
Dodging        | 2 3 4 5 7 8 9 11 13 | 13.2
Shields        | 1 2 3 5 |  5.0
Evocations     | 1 3 4 5 6 |  6.8
Throwing       | 3 4 5 6 |  6.0
Spellcasting   | 1 2 4 |  4.4
Axes           | 4 7 8 |  8.9
Polearms       | |  3.0

Action                   |  1- 3 |  4- 6 |  7- 9 | 10-12 | 13-15 | 16-18 || total
-------------------------+-------+-------+-------+-------+-------+-------++-------
Melee: Spear             |    98 |   221 |   310 |   267 |    12 |       ||   908
       Punch             |       |     1 |       |       |       |       ||     1
       Kick              |       |     6 |    65 |    94 |   295 |       ||   460
       Hand axe          |       |       |       |    68 |   912 |    46 ||  1026
Throw: Dart              |       |       |    13 |    74 |    57 |       ||   144
       Javelin           |       |       |     7 |     2 |     7 |       ||    16
Evoke: Piece from Xom's  |       |    11 |    12 |     1 |    19 |       ||    43
       Wand              |       |       |     7 |    13 |    16 |     2 ||    38
  Use: Scroll            |       |     8 |     8 |     3 |    15 |       ||    34
       Potion            |       |       |     3 |     2 |     8 |     5 ||    18
 Stab: Sleeping          |     2 |     4 |     6 |     1 |     1 |       ||    14
       Petrified         |       |     5 |     9 |       |    27 |       ||    41
       Paralysed         |       |     3 |     2 |       |     4 |       ||     9
       Petrifying        |       |       |     1 |       |     3 |       ||     4
       Confused          |       |       |       |     3 |     5 |       ||     8
       Invisible         |       |       |       |       |       |     6 ||     6
Armor: Leather armour    |    27 |    81 |   104 |    20 |       |       ||   232
       Skin              |       |       |     9 |    17 |       |       ||    26
       Crystal plate arm |       |       |       |   236 |   563 |    51 ||   850
Dodge: Dodged            |    40 |    91 |   169 |   207 |   619 |    40 ||  1166
Block: Other             |       |    17 |       |       |       |       ||    17
       Orb               |       |    11 |    37 |     1 |       |       ||    49
       Kite shield       |       |       |       |       |       |    28 ||    28

Table legend: (Time is in decaauts)
 A = Elapsed time spent in this place.
 B = Non-inter-level travel time spent in this place.
 C = Inter-level travel time spent in this place.
 D = Time resting spent in this place.
 E = Time spent auto-exploring this place.
 F = Levels seen in this place.
 G = Mean time per level.
                   A        B        C        D        E       F      G
               +--------+--------+--------+--------+--------+-----+--------+
         Total |  29745 |  27861 |   1884 |   7185 |  15902 |  20 | 1487.2 |
       Dungeon |  18626 |  17355 |   1271 |   4504 |   9828 |  13 | 1432.8 |
          Lair |   9916 |   9304 |    612 |   2096 |   5625 |   6 | 1652.7 |
      Ice Cave |   1202 |   1202 |      0 |    584 |    448 |   1 | 1202.0 |
               +--------+--------+--------+--------+--------+-----+--------+

Top non-repeatable levels by time:
    D:13: 3059 daAuts
  Lair:6: 2746 daAuts
    D:10: 2206 daAuts
  Lair:4: 2052 daAuts
    D:12: 1954 daAuts
  Lair:3: 1690 daAuts
  Lair:2: 1679 daAuts
     D:8: 1504 daAuts
     D:9: 1439 daAuts
    D:11: 1439 daAuts
     D:5: 1270 daAuts
   IceCv: 1202 daAuts
     D:2: 1164 daAuts
  Lair:1: 1073 daAuts
     D:4: 956 daAuts
